 Dungeon Crawl Stone Soup version 0.30.0-20-g3b4254fcbd (webtiles) character file.

Game seed: 14384899904139331738

439 Peloso the Slasher (level 6, -16/53 HPs)
             Began as a Minotaur Fighter on June 2, 2023.
             Was a Follower of Okawaru.
             Demolished by Duvessa
             ... wielding a +2 short sword of venom
              (17 damage)
             ... on level 5 of the Dungeon.
             The game lasted 00:05:57 (3479 turns).

Peloso the Slasher (Minotaur Fighter)               Turns: 3479, Time: 00:05:58

Health: -16/53     AC: 13    Str: 20    XL:     6   Next: 70%
Magic:  3/5        EV: 10    Int:  5    God:    Okawaru [*.....]
Gold:   229        SH:  6    Dex: 12    Spells: 5/5 levels left

rFire   . . .        a - +0 long sword
rCold   . . .        d - +0 buckler
rNeg    . . .        c - +0 chain mail
rPois   .            (helmet restricted)
rElec   .            (no cloak)
rCorr   .            g - +0 pair of gloves
SInv    .            (no boots)
Will    .....        (no amulet) Stlth
                     (no ring)
HPRegen 0.28/turn    (no ring)
MPRegen 0.09/turn

%: no passive effects
@: lethally poisoned (-16 -> -31), heroic
A: horns 2, retaliatory headbutt
a: Renounce Religion, Heroism


You were on level 5 of the Dungeon.
You worshipped Okawaru.
Okawaru was aware of your devotion.
You visited 1 branch of the dungeon, and saw 5 of its levels.

You collected 229 gold pieces.

Inventory:

Hand Weapons
 a - a +0 long sword (weapon)
 b - a +2 hand axe of flaming
Missiles
 q - a throwing net (quivered)
Armour
 c - a +0 chain mail (worn)
 d - a +0 buckler (worn)
 g - a +0 pair of gloves (worn)
Wands
 x - a wand of iceblast (9)
Scrolls
 h - 2 scrolls of teleportation
 i - 4 scrolls of blinking
 k - a scroll of immolation
 l - 2 scrolls of fog {unknown}
 p - a scroll of amnesia
 r - a scroll of fear {unknown}
 t - a scroll of silence {unknown}
 v - a scroll of brand weapon {unknown}
 w - a scroll of identify
Potions
 e - a potion of heal wounds
 f - 3 potions of curing
 j - 3 potions of might
 m - a potion of brilliance
 n - a potion of degeneration {unknown}
 o - a potion of invisibility
 s - a potion of ambrosia
 u - 2 potions of mutation {unknown}


   Skills:
 + Level 4.6(9.6) Fighting
 + Level 5.8(10.8) Long Blades
 + Level 5.4(10.4) Armour
 + Level 1.8(6.8) Dodging
 + Level 0.3(5.3) Stealth
 + Level 4.9(9.9) Shields


You had 5 spell levels left.
You didn't know any spells.
Your spell library contained the following spells:

 Spells                   Type           Power      Damage    Failure   Level
 Magic Dart               Conj           0%         1d3       98%         1
 Sandblast                Erth           0%         2d4       98%         1
 Passwall                 Tmut/Erth      0%         N/A       99%         2
 Mephitic Cloud           Conj/Pois/Air  0%         N/A       100%        3
 Ozocubu's Armour         Ice            0%         N/A       100%        3
 Stone Arrow              Conj/Erth      0%         3d7       100%        3
 Ozocubu's Refrigeration  Ice            0%         4d7       100%        7
 Call Imp                 Summ           Unusable   N/A       N/A         2

Dungeon Overview and Level Annotations

Branches:
Dungeon (5/15)             Temple (0/1) D:4

Altars:
Kikubaaqudgha
Okawaru

Shops:
D:3 (

Annotations:
D:5 Duvessa


Innate Abilities, Weirdness & Mutations

You have a pair of horns on your head.
You reflexively headbutt those who attack you in melee.


Message History

Duvessa is lightly wounded.
You feel sick.
Duvessa hits you with a +2 short sword of venom.
You barely miss Duvessa. Your headbutt misses Duvessa.
Duvessa is lightly wounded.
You feel sick. You block Duvessa's attack.
You hit Duvessa.
Duvessa is lightly wounded.
You feel sick.
Duvessa hits you with a +2 short sword of venom!
You are more poisoned.
Duvessa closely misses you.
You barely miss Duvessa.
Duvessa is lightly wounded.
You feel very sick. Duvessa barely misses you. You furiously retaliate!
You headbutt Duvessa! You slash Duvessa!
Duvessa is heavily wounded.
You feel very sick.
Duvessa hits you with a +2 short sword of venom.
You are more poisoned.
You slash Duvessa! You headbutt Duvessa.
Duvessa is severely wounded.
You feel very sick.
Duvessa hits you with a +2 short sword of venom!
* * * LOW HITPOINT WARNING * * *
You are more poisoned.
Duvessa hits you with a +2 short sword of venom!
* * * LOW HITPOINT WARNING * * *
You are more poisoned.
You feel better.
Duvessa hits you with a +2 short sword of venom.
* * * LOW HITPOINT WARNING * * *
You are lethally poisoned!
You feel better.
Duvessa hits you with a +2 short sword of venom!
* * * LOW HITPOINT WARNING * * *
You are lethally poisoned!
Duvessa hits you with a +2 short sword of venom!
You die...

#....#######
#####.#....[....
#........#######
#####.###.#..#######
#...................
#.###.##..#..#######
#.# #..............#
#.###..#.##...####<#
#.e@........#..รท...#
#.######.##...####.#
#.# #.###........ #)#
#.# #.#####.. #.# #.#
#...e.... #.#
#.#####.. #.# #.# #.#
#.# ..#


You could see Duvessa (berserk).

Vanquished Creatures
  A steam dragon (D:4)
  A phantom (D:5)
  Dowan (D:5)
  An orc priest (D:5)
  A hound (D:5)
  Ijyb (D:5)
  2 adders
  2 gnolls
  An ufetubus (D:5)
  A worm (D:3)
  3 dart slugs
  7 orcs (D:5)
  3 bats
  3 endoplasms
  2 giant cockroaches
  5 goblins
  8 hobgoblins
  2 jackals (D:1)
  3 kobolds
  2 quokkas
  3 ball pythons
  2 frilled lizards (D:3)
  4 rats
59 creatures vanquished.

Notes
Turn   | Place    | Note
-------+----------+-------------------------------------------
     0 | D:1      | Peloso the Minotaur Fighter began the quest for the Orb.
     0 | D:1      | Reached XP level 1. HP: 19/19 MP: 0/0
    99 | D:1      | Reached XP level 2. HP: 25/27 MP: 1/1
   988 | D:1      | Reached XP level 3. HP: 32/33 MP: 2/2
  1326 | D:2      | Found an iron altar of Okawaru.
  1334 | D:2      | Became a worshipper of Warmaster Okawaru
  1755 | D:3      | Found Toapne's Weapon Shop.
  1827 | D:3      | Found a faded altar of an unknown god.
  1989 | D:3      | Found a faded altar of an unknown god.
  1993 | D:3      | Found an ancient bone altar of Kikubaaqudgha.
  2147 | D:4      | Found a staircase to the Ecumenical Temple.
  2272 | D:4      | Reached XP level 4. HP: 40/40 MP: 3/3
  2474 | D:4      | Noticed a steam dragon
  2492 | D:4      | Killed a steam dragon
  2493 | D:4      | Reached XP level 5. HP: 7/46 MP: 4/4
  3055 | D:5      | Entered Level 5 of the Dungeon
  3067 | D:5      | Noticed a phantom
  3068 | D:5      | Reached skill level 1 in Dodging
  3080 | D:5      | Killed a phantom
  3081 | D:5      | Reached skill level 5 in Long Blades
  3081 | D:5      | Reached skill level 5 in Armour
  3081 | D:5      | Reached XP level 6. HP: 47/53 MP: 5/5
  3128 | D:5      | Reached * piety under Okawaru
  3379 | D:5      | Noticed Ijyb
  3390 | D:5      | Killed Ijyb
  3452 | D:5      | Noticed Dowan
  3462 | D:5      | Killed Dowan
  3464 | D:5      | Noticed Duvessa
  3477 | D:5      | HP: 1/53 [Duvessa/+2 short sword of venom (7)]
  3479 | D:5      | Demolished by Duvessa

Illustrated notes

Levels and vault maps discovered:
D:1:      evilmike_arrival_rings, layout_basic
D:2:      layout_rooms, basic_altar
D:3:      layout_basic, nicolae_overflow_ecumenical_swirl,
          shapermc_ecumenical_altar_mp_urbaneastern, serial_shops, shop
D:4:      layout_gridville, temple_statues, hangedman_feature_mirror,
          nicolae_eternal_life
D:5:      layout_loops_ring, lemuel_crystal_altar, uniq_duvessa, uniq_ijyb

Skill      XL: |  1  2  3  4  5 |
---------------+----------------+-----
Armour         | 4 5 |  5.4
Long Blades    | 3 4 5 |  5.8
Shields        | 4 |  4.9
Fighting       | 4 |  4.6
Dodging        | 1 |  1.8
Stealth        | |  0.3

Action                     |  1- 3 |  4- 6 || total
---------------------------+-------+-------++-------
  Melee: Long sword        |    94 |    88 ||   182
         Headbutt          |    14 |    19 ||    33
 Invoke: Heroism           |       |     1 ||     1
    Use: Potion            |     4 |     2 ||     6
         Scroll            |     2 |     6 ||     8
 Armour: Scale mail        |    42 |    37 ||    79
         Chain mail        |       |     4 ||     4
  Dodge: Dodged            |    35 |    41 ||    76
  Block: Buckler           |    22 |    21 ||    43
